 Dungeon Sprint DCSS version 0.22-a0-414-gacd343e (webtiles) character file.

159704 Mgcat the Impregnable (level 16, -34/181 HPs)
             Began as a Gargoyle Fighter on May 13, 2018.
             Was an Initiate of Gozag.
             Annihilated by Mgcat's illusion (41 damage)
             ... woven by Mara
             ... in the Dungeon (Sprint IX: "|||||||||||||||||||||||||||||").
             The game lasted 00:30:55 (6664 turns).

Mgcat the Impregnable (Gargoyle Fighter)            Turns: 6664, Time: 00:30:56

Health: -34/181    AC: 46    Str: 32    XL:     16   Next: 14%
Magic:  16/16      EV: 28    Int: 11    God:    Gozag
Gold:   5904       SH:  4    Dex: 18    Spells: 15/15 levels left

rFire    + + +     SeeInvis +   w - +9 battleaxe "Rinwoj" {venom, rElec rN+++ Str-4 Dex+3}
rCold    + . .     Gourm    .   (shield currently unavailable)
rNeg     + + +     Faith    .   c - +5 plate armour of Mogumoh {rElec MR- Dex+6}
rPois    ∞         Spirit   .   h - +2 hat {MR+}
rElec    +         Reflect  +   s - +2 cloak {MR+}
rCorr    +         Harm     .   r - +2 pair of gloves "Rorioq" {-Cast rN+ MR+}
MR       +++..     NoTele   +   (no boots) Stlth ..........NoCast +
                                u - amulet of Leaves {Reflect rPois rF+ Slay+3 SH+4}
HPRegen  0.40/turn              y - +6 ring of strength
MPRegen  0.15/turn              o - ring of the Firefly {rF+++ rN+ EV+5 Slay-4 SInv}

@: mighty, berserking, resistant, flying, very slightly contaminated, hasted,
very quick
A: big wings, negative energy resistance 1, electricity resistance, unbreathing,
petrification resistance, rot immunity, AC +12
}: 4/15 runes: decaying, serpentine, barnacled, gossamer
a: Stop Flying, Potion Petition, Call Merchant, Bribe Branch, Renounce Religion


You were in the Dungeon.
You worshipped Gozag.
Gozag was greatly pleased with you.
You were not hungry.

You visited 1 branch You collected 24189 gold pieces.
You spent 9010 gold pieces at shops.
You paid 9275 gold pieces to Gozag.

Inventory:

Hand Weapons
 w - the +9 battleaxe "Rinwoj" (weapon) {venom, rElec rN+++ Str-4 Dex+3}
   (You bought it in a shop in the Dungeon)

   It poisons the flesh of those it strikes.
   It affects your strength (-4).
   It affects your dexterity (+3).
   It insulates you from electricity.
   It renders you almost immune to negative energy.
Armour
 c - the +5 plate armour of Mogumoh (worn) {rElec MR- Dex+6}
   (You bought it in a shop in the Dungeon)

   It affects your dexterity (+6).
   It insulates you from electricity.
   It affects your resistance to hostile enchantments.
 h - a +2 hat of magic resistance (worn)
   (You took it off Gastronok in the Dungeon)
 r - the +2 pair of gloves "Rorioq" (worn) {-Cast rN+ MR+}
   (You bought it in a shop in the Dungeon)

   It protects you from negative energy.
   It affects your resistance to hostile enchantments.
   It prevents spellcasting.
 s - a +2 cloak of magic resistance (worn)
   (You bought it in a shop in the Dungeon)
Jewellery
 o - the ring of the Firefly (right hand) {rF+++ rN+ EV+5 Slay-4 SInv}
   (You bought it in a shop in the Dungeon)

   [ring of evasion]

   It affects your evasion (+5).
   It affects your accuracy and damage with ranged weapons and melee attacks
   (-4).
   It renders you almost immune to fire.
   It protects you from negative energy.
   It lets you see invisible.
 u - the amulet of Leaves (around neck) {Reflect rPois rF+ Slay+3 SH+4}
   (You bought it in a shop in the Dungeon)

   [amulet of reflection]

   It shields you and reflects attacks.
   It affects your accuracy and damage with ranged weapons and melee attacks
   (+3).
   It protects you from fire.
   It protects you from poison.
   It affects your SH (+4).
 y - a +6 ring of strength (left hand)
   (You found it in the Dungeon)
Wands
 p - a wand of acid (3)
   (You found it in the Dungeon)
Scrolls
 b - 2 scrolls of enchant weapon
 k - 3 scrolls of blinking {!r}
 m - 7 scrolls of remove curse
 n - 2 scrolls of amnesia
 v - a scroll of fear
 B - 2 scrolls of identify
 I - 4 scrolls of enchant armour
 J - a scroll of fog
Potions
 a - 2 potions of brilliance
 e - 4 potions of curing
 i - 4 potions of magic
 j - a potion of berserk rage {!q}
 F - 3 potions of agility
 G - a potion of resistance
 H - 2 potions of mutation {!q}
Comestibles
 f - 22 rations


   Skills:
 + Level 21.0 Fighting
 + Level 19.5(20.7) Axes
   Level 14.1(19.1) Maces & Flails
 + Level 21.1 Armour
 + Level 20.8 Dodging
 + Level 9.0 Stealth
   Level 6.0 Shields


You had 15 spell levels left.
You didn't know any spells.
Your spell library was empty.

Dungeon Overview and Level Annotations

Branches:
Dungeon (1/1)

Altars:
Cheibriados
Dithmenos
Elyvilon
Fedhas
Gozag
Hepliaklqana
Kikubaaqudgha
Makhleb
Nemelex Xobeh
Okawaru
Qazlal
Ru
Sif Muna
Trog
Uskayaw
Vehumet
Wu Jian
Xom
Yredelemnul
Zin
The Shining One
Beogh
Jiyva
Lugonu

Shops:
D =([(=![[?[

Annotations:
D Mara


Innate Abilities, Weirdness & Mutations

You are resistant to torment.
Your stone body is resilient. (AC +12)
You are immune to poison.
Your large and strong wings let you fly indefinitely.
You resist negative energy. (rN+)
You are resistant to electric shocks. (rElec)
You can survive without breathing.
You are immune to petrification.
You are immune to rotting.


Message History

You flicker for a moment.
Mara blinks!
Mara blinks!
Mara blinks!
Mara misses you.
You barely miss Mara.
Mara is heavily wounded.
Mara hits you but does no damage.
Mara blinks!
Your plate armour of Mogumoh prevents you from hitting Mara.
Mara is heavily wounded.
Mara hits you but does no damage.
Mara blinks!
You miss Mara.
Mara is heavily wounded.
You flicker back into view.
Mara blinks!
You slice Mara!!
Mara looks as sick as possible!
Mara is severely wounded.
Mara barely misses you.
You slice Mara!!
Mara looks as sick as possible!
Mara is severely wounded.
You closely miss Mgcat's illusion.
Mara blinks! x2
Mara blinks!
You block Mgcat's illusion's attack.
Mara blinks!
Mara completely misses you.
You slash Mara!
Mara is severely wounded.
You closely miss Mgcat's illusion. Mara hits you but does no damage.
You slash Mara!
Mara is almost dead.
You miss Mgcat's illusion. Mgcat's illusion hits you!!
* * * LOW HITPOINT WARNING * * *
Mara completely misses you.
You slice Mara!!
Mara is almost dead.
You barely miss Mgcat's illusion. You block Mgcat's illusion's attack.
You feel better. Mara hits you but does no damage.
Mgcat's illusion completely misses you.
Mara blinks!
Okay, then.
Unknown command.
You slice Mara!!
You kill Mara!
You hit Mgcat's illusion but do no damage. [a] - 0 gold - haste and agility [b] - 0 gold - heal wounds, curing, berserk rage, resistance, might and haste [c] - 0 gold - flight, agility, invisibility and resistance Purchase which effect?
You feel much better.
You feel better.
A red film seems to cover your vision as you go berserk!
You feel yourself moving faster!
You feel mighty!
You feel protected.
You feel mightier all of a sudden.
You feel yourself speed up. Mgcat's illusion completely misses you.
You closely miss Mgcat's illusion.
Mgcat's illusion is lightly damaged.
Mgcat's illusion misses you.
You hit Mgcat's illusion.
Mgcat's illusion is lightly damaged.
You completely miss Mgcat's illusion.
Mgcat's illusion is lightly damaged.
Mgcat's illusion hits you!
You barely miss Mgcat's illusion.
Mgcat's illusion is lightly damaged.
Mara looks more healthy.
Mara gestures at you.
The bolt of fire hits Mgcat's illusion.
Mgcat's illusion completely resists.
The bolt of fire misses you.
You slash Mgcat's illusion!
Mgcat's illusion is lightly damaged.
You block Mgcat's illusion's attack.
You closely miss Mgcat's illusion.
Mgcat's illusion is lightly damaged.
Mara hits you but does no damage.
Your plate armour of Mogumoh prevents you from hitting Mgcat's illusion.
Mgcat's illusion is lightly damaged.
Mgcat's illusion misses you.
You completely miss Mgcat's illusion.
Mgcat's illusion is lightly damaged.
You hit Mgcat's illusion but do no damage.
Mgcat's illusion is lightly damaged.
Mara looks more healthy.
Mara completely misses you. Mgcat's illusion hits you!!
* * * LOW HITPOINT WARNING * * *
You closely miss Mgcat's illusion.
Mgcat's illusion is lightly damaged.
You miss Mgcat's illusion.
Mgcat's illusion is lightly damaged.
Mara misses you. Mgcat's illusion hits you!!
* * * LOW HITPOINT WARNING * * *
You hit Mgcat's illusion but do no damage.
Mgcat's illusion is lightly damaged.
You are too berserk!
You hit Mgcat's illusion but do no damage.
Mgcat's illusion is lightly damaged.
Your plate armour of Mogumoh prevents you from hitting Mgcat's illusion.
Mgcat's illusion is lightly damaged.
Mara hits you but does no damage. Mgcat's illusion completely misses you.
You slash Mgcat's illusion!
Mgcat's illusion is moderately damaged.
You slice Mgcat's illusion like a ripe choko!!!
Mgcat's illusion is severely damaged.
Mgcat's illusion hits you!!!
You die...
Your body crumbles into a pile of gold.

$
▓▓▓▓▓▓▓▓▓▓▓▓▓▓▓▓▓▓▓▓▓▓▓▓▓▓▓▓▓▓▓▓
.RR$R..R§....RR@@..............▓
▓▓▓▓▓▓▓▓▓▓▓▓▓▓▓▓▓▓▓▓▓▓▓▓▓▓▓▓▓▓.▓
...........)'))))))).....['....▓
▓▓▓▓▓▓▓▓▓▓▓▓▓▓▓▓▓▓▓▓▓▓▓▓▓▓▓▓▓▓▓▓
...............................▓
▓▓▓▓▓▓▓▓▓▓▓▓▓▓▓▓▓▓▓▓▓▓▓▓▓▓▓▓▓▓.▓
.............[....[.'..........▓
▓▓▓▓▓▓▓▓▓▓▓▓▓▓▓▓▓▓▓▓▓▓▓▓▓▓▓▓▓▓▓▓
.).............................▓


You could see 2 Maras and Mgcat's illusion.

Vanquished Creatures
  A tentacled monstrosity (D)
  Gastronok (D)
  Ilsuiw (D)
  5 nagarajas (D)
  A frost giant (D)
  3 vault wardens (D)
  3 emperor scorpions (D)
  2 ghost moths (D)
  Louise (D)
  2 ironheart preservers (D)
  A very ugly thing (D)
  A stone giant (D)
  An entropy weaver (D)
  A spark wasp (D)
  An ettin (D)
  4 merfolk impalers (D)
  3 fire dragons (D)
  3 merfolk javelineers (D)
  3 yaktaur captains (D)
  A great orb of eyes (D)
  2 rakshasas (D)
  10 hydras (D)
  An ice dragon (D)
  A merfolk avatar (D)
  3 naga warriors (D)
  Erica (D)
  4 ogre magi (D)
  2 centaur warriors (D)
  An alligator (D)
  2 two-headed ogres (D)
  5 merfolk aquamancers (D)
  3 death knights (D)
  A tengu warrior (D)
  A deep troll shaman (D)
  Nergalle (D)
  A shock serpent (D)
  A salamander mystic (D)
  3 swamp dragons (D)
  A shambling mangrove (D)
  A wizard (D)
  A deep elf archer (D)
  A necromancer (D)
  A harpy (D)
  3 ugly things (D)
  An ironbrand convoker (D)
  4 orc knights (D)
  2 cyclopes (D)
  5 wolf spiders (D)
  3 manticores (D)
  2 moths of wrath (D)
  2 salamanders (D)
  A merfolk siren (D)
  2 black mambas (D)
  4 guardian serpents (D)
  2 naga magi (D)
  5 spiny frogs (D)
  4 yaktaurs (D)
  An efreet (D)
  A demonic crawler (D)
  2 freezing wraiths (D)
  3 polar bears (D)
  5 jumping spiders (D)
  A merfolk (D)
  2 trolls (D)
  4 hippogriffs (D)
  2 tyrant leeches (D)
  2 hornets (D)
  2 snapping turtles (D)
  4 redbacks (D)
  A yak (D)
  A tarantella (D)
  A shadow (D)
  A hog (shapeshifter) (D)
  Grum (D)
  An insubstantial wisp (D)
  2 nagas (D)
  A water moccasin (D)
  2 porcupines (D)
  10 orc warriors (D)
  3 swamp drakes (D)
  A sky beast (D)
  6 black bears (D)
  An eye of draining (D)
  7 ogres (D)
  4 wolves (D)
  2 crocodiles (D)
  A big kobold (D)
  3 bullfrogs (D)
  A killer bee (D)
  3 orc priests (D)
  A hound (D)
  3 orc wizards (D)
  An adder (D)
  An adder skeleton (D)
  A leopard gecko (D)
  9 orcs (D)
  2 bat skeletons (D)
  A giant cockroach (D)
  3 goblins (D)
  2 bats (D)
  A quokka skeleton (D)
  2 quokka zombies (D)
236 creatures vanquished.

Vanquished Creatures (others)
  Nessos (D)
  A bog body (D)
2 creatures vanquished.

Grand Total: 238 creatures vanquished

Notes
Turn   | Place    | Note
-------+----------+-------------------------------------------
     0 | D        | Mgcat the Gargoyle Fighter began the quest for the Orb.
     0 | D        | Reached XP level 1. HP: 14/14 MP: 1/1
    47 | D        | Noticed a sky beast
    52 | D        | Reached skill level 4 in Fighting
    52 | D        | Reached skill level 4 in Armour
    52 | D        | Reached skill level 4 in Shields
    52 | D        | Reached XP level 2. HP: 16/20 MP: 2/2
    68 | D        | Reached skill level 3 in Maces & Flails
    85 | D        | HP: 5/20 [something (1)]
    92 | D        | HP: 4/20 [something (2)]
   100 | D        | Killed a sky beast
   100 | D        | Reached skill level 6 in Fighting
   100 | D        | Reached skill level 4 in Maces & Flails
   100 | D        | Reached skill level 6 in Armour
   100 | D        | Reached skill level 6 in Shields
   100 | D        | Reached XP level 3. HP: 4/27 MP: 3/3
   100 | D        | Reached XP level 4. HP: 5/32 MP: 4/4
   368 | D        | Found a roughly hewn altar of Beogh.
   368 | D        | Found a snail-covered altar of Cheibriados.
   368 | D        | Found a shadowy altar of Dithmenos.
   368 | D        | Found a white marble altar of Elyvilon.
   368 | D        | Found a blossoming altar of Fedhas.
   368 | D        | Found an opulent altar of Gozag.
   369 | D        | Found a hazy altar of Hepliaklqana.
   370 | D        | Found a viscous altar of Jiyva.
   371 | D        | Found an ancient bone altar of Kikubaaqudgha.
   372 | D        | Found a corrupted altar of Lugonu.
   373 | D        | Found a burning altar of Makhleb.
   374 | D        | Found a sparkling altar of Nemelex Xobeh.
   375 | D        | Found an iron altar of Okawaru.
   376 | D        | Found a stormy altar of Qazlal.
   377 | D        | Found a sacrificial altar of Ru.
   382 | D        | Found a deep blue altar of Sif Muna.
   383 | D        | Found a bloodstained altar of Trog.
   384 | D        | Found a hide-covered altar of Uskayaw.
   385 | D        | Found a radiant altar of Vehumet.
   386 | D        | Found an ornate altar of the Wu Jian Council.
   387 | D        | Found a shimmering altar of Xom.
   388 | D        | Found a basalt altar of Yredelemnul.
   389 | D        | Found a glowing silver altar of Zin.
   390 | D        | Found a glowing golden altar of the Shining One.
   408 | D        | Became a worshipper of Gozag Ym Sagoz the Greedy
   469 | D        | Noticed a crocodile
   469 | D        | Noticed a big kobold
   473 | D        | Reached skill level 5 in Maces & Flails
   476 | D        | Reached XP level 5. HP: 36/36 MP: 5/5
   483 | D        | Killed a crocodile
   483 | D        | Reached skill level 8 in Maces & Flails
   490 | D        | Killed a big kobold
   490 | D        | Reached skill level 9 in Maces & Flails
   490 | D        | Reached XP level 6. HP: 13/41 MP: 6/6
   639 | D        | Noticed an efreet
   639 | D        | Noticed a hornet
   639 | D        | Noticed a troll
   639 | D        | Noticed a yak
   642 | D        | Reached skill level 10 in Maces & Flails
   647 | D        | Killed an efreet
   647 | D        | Reached skill level 12 in Maces & Flails
   647 | D        | Reached XP level 7. HP: 15/46 MP: 7/7
   649 | D        | Reached skill level 13 in Maces & Flails
   654 | D        | HP: 11/46 [hornet (5)]
   657 | D        | HP: 4/46 [hornet (7)]
   661 | D        | Killed a hornet
   661 | D        | Reached skill level 14 in Maces & Flails
   673 | D        | Killed a troll
   673 | D        | Reached skill level 8 in Fighting
   673 | D        | Reached XP level 8. HP: 22/54 MP: 8/8
   676 | D        | Killed a yak
   676 | D        | Reached skill level 9 in Fighting
  1000 | D        | Noticed a hippogriff
  1000 | D        | Noticed a spiny frog
  1000 | D        | Noticed a spiny frog
  1000 | D        | Noticed a hippogriff
  1001 | D        | Noticed a spiny frog
  1009 | D        | Killed a hippogriff
  1009 | D        | Reached skill level 10 in Fighting
  1014 | D        | Killed a spiny frog
  1014 | D        | Reached skill level 12 in Fighting
  1017 | D        | Noticed a hippogriff
  1019 | D        | Killed a spiny frog
  1019 | D        | Reached skill level 13 in Fighting
  1019 | D        | Reached XP level 9. HP: 33/68 MP: 9/9
  1023 | D        | Reached skill level 14 in Fighting
  1027 | D        | Killed a spiny frog
  1027 | D        | Reached skill level 15 in Fighting
  1037 | D        | Reached skill level 7 in Armour
  1043 | D        | Reached skill level 8 in Armour
  1214 | D        | Noticed a spiny frog
  1214 | D        | Noticed a polar bear
  1217 | D        | Reached skill level 9 in Armour
  1221 | D        | Killed a spiny frog
  1221 | D        | Reached skill level 10 in Armour
  1221 | D        | Reached XP level 10. HP: 66/76 MP: 10/10
  1223 | D        | Noticed a six-headed hydra
  1235 | D        | Killed a six-headed hydra
  1235 | D        | Reached skill level 12 in Armour
  1237 | D        | Reached skill level 13 in Armour
  1420 | D        | Bought a ration for 60 gold pieces
  1420 | D        | Bought a ration for 60 gold pieces
  1420 | D        | Bought a ration for 60 gold pieces
  1420 | D        | Bought a ration for 60 gold pieces
  1420 | D        | Bought a ration for 60 gold pieces
  1420 | D        | Bought a ration for 60 gold pieces
  1420 | D        | Bought a ration for 60 gold pieces
  1424 | D        | Bought the amulet of Leaves {Reflect rPois rF+ Slay+3 SH+4} for 809 gold pieces
  1438 | D        | Reached skill level 14 in Armour
  1466 | D        | Reached skill level 15 in Armour
  1468 | D        | Reached skill level 1 in Dodging
  1518 | D        | Noticed Erica
  1528 | D        | Killed Erica
  1528 | D        | Reached skill level 4 in Dodging
  1577 | D        | Noticed Grum
  1579 | D        | Reached skill level 5 in Dodging
  1585 | D        | Killed Grum
  1585 | D        | Reached XP level 11. HP: 81/81 MP: 11/11
  1589 | D        | Reached skill level 6 in Dodging
  1653 | D        | Reached skill level 7 in Dodging
  1654 | D        | HP: 16/81 [orc priest/divine providence (17)]
  1941 | D        | Bought the +9 battleaxe "Rinwoj" {venom, rElec rN+++ Str-4 Dex+3} for 1199 gold pieces
  1948 | D        | Reached skill level 1 in Axes
  1951 | D        | Noticed an orc knight
  1953 | D        | Reached skill level 2 in Axes
  1958 | D        | Reached skill level 3 in Axes
  1966 | D        | Killed an orc knight
  1966 | D        | Reached skill level 4 in Axes
  1967 | D        | Reached skill level 5 in Axes
  2168 | D        | Found Wokkaykeu's Distillery.
  2168 | D        | Noticed a two-headed ogre
  2168 | D        | Noticed an ogre mage
  2168 | D        | Noticed an ogre mage
  2171 | D        | Reached skill level 6 in Axes
  2176 | D        | Killed a two-headed ogre
  2176 | D        | Reached skill level 7 in Axes
  2178 | D        | Noticed an ogre mage
  2180 | D        | Killed an ogre mage
  2180 | D        | Reached skill level 8 in Axes
  2182 | D        | Reached skill level 9 in Axes
  2189 | D        | Killed an ogre mage
  2189 | D        | Reached skill level 10 in Axes
  2190 | D        | Found Xaol's Antique Armour Shoppe.
  2193 | D        | Killed an ogre mage
  2193 | D        | Reached skill level 11 in Axes
  2196 | D        | Found Kechal's Food Emporium.
  2215 | D        | Found Owyiw's Magic Scroll Shoppe.
  2219 | D        | Noticed a two-headed ogre
  2220 | D        | Noticed an ogre mage
  2224 | D        | Killed a two-headed ogre
  2230 | D        | Killed an ogre mage
  2230 | D        | Reached skill level 12 in Axes
  2265 | D        | Bought a pearl-encrusted plate armour for 700 gold pieces
  2275 | D        | Identified the +2 plate armour "Zeiprun" {Stlth+} (You bought it in a shop in the Dungeon)
  2279 | D        | Bought a ration for 50 gold pieces
  2279 | D        | Bought a ration for 50 gold pieces
  2279 | D        | Bought a ration for 50 gold pieces
  2279 | D        | Bought a ration for 50 gold pieces
  2279 | D        | Bought a ration for 50 gold pieces
  2279 | D        | Bought a ration for 50 gold pieces
  2279 | D        | Bought a ration for 50 gold pieces
  2279 | D        | Bought a ration for 50 gold pieces
  2279 | D        | Bought a ration for 50 gold pieces
  2279 | D        | Bought a ration for 50 gold pieces
  2281 | D        | Bought a scroll of enchant weapon for 105 gold pieces
  2281 | D        | Bought a scroll of enchant weapon for 105 gold pieces
  2281 | D        | Bought a scroll of enchant armour for 105 gold pieces
  2281 | D        | Bought a scroll of acquirement for 728 gold pieces
  2281 | D        | Bought a scroll of enchant armour for 105 gold pieces
  2405 | D        | Got an obsidian-encrusted plate armour
  2416 | D        | Identified the +0 plate armour of the Stag {MR+ rCorr Str+2} (You acquired it in the Dungeon)
  2648 | D        | Noticed a cyclops
  2649 | D        | Noticed a manticore
  2654 | D        | Reached XP level 12. HP: 85/87 MP: 7/12
  2655 | D        | Noticed a yaktaur captain
  2660 | D        | Reached skill level 13 in Axes
  2672 | D        | Killed a yaktaur captain
  2672 | D        | Reached skill level 14 in Axes
  2678 | D        | Noticed a fire dragon
  2685 | D        | Noticed a spark wasp
  2686 | D        | Noticed a rakshasa
  2688 | D        | Noticed a centaur warrior
  2691 | D        | Killed a fire dragon
  2699 | D        | Killed a spark wasp
  2699 | D        | Reached skill level 15 in Axes
  2706 | D        | Killed a rakshasa
  2712 | D        | Killed a centaur warrior
  2712 | D        | Reached skill level 16 in Axes
  3036 | D        | Noticed a merfolk avatar
  3044 | D        | Killed a merfolk avatar
  3044 | D        | Reached skill level 17 in Axes
  3115 | D        | Bought the ring of Sonosoam {+Fly AC+4} for 631 gold pieces
  3118 | D        | Bought the ring of the Firefly {rF+++ rN+ EV+5 Slay-4 SInv} for 1240 gold pieces
  3233 | D        | Noticed an alligator
  3235 | D        | Reached skill level 18 in Axes
  3240 | D        | Reached XP level 13. HP: 78/92 MP: 13/13
  3268 | D        | Reached skill level 8 in Dodging
  3341 | D        | Reached skill level 9 in Dodging
  3355 | D        | Reached skill level 10 in Dodging
  3380 | D        | Reached skill level 11 in Dodging
  3422 | D        | Noticed an emperor scorpion
  3422 | D        | Noticed an entropy weaver
  3442 | D        | Killed an emperor scorpion
  3445 | D        | Killed an entropy weaver
  3445 | D        | Reached skill level 12 in Dodging
  3512 | D        | Bought a pair of glowing gloves for 262 gold pieces
  3512 | D        | Bought a pair of runed gloves for 262 gold pieces
  3644 | D        | Noticed Gastronok
  3658 | D        | Killed Gastronok
  3658 | D        | Reached skill level 13 in Dodging
  3685 | D        | Noticed Nessos
  3699 | D        | Killed Nessos
  3699 | D        | Reached skill level 14 in Dodging
  3830 | D        | Noticed a fire dragon
  3830 | D        | Noticed a frost giant
  3830 | D        | Noticed an ice dragon
  3830 | D        | Noticed an ettin
  3848 | D        | Killed a fire dragon
  3851 | D        | Noticed a yaktaur captain
  3856 | D        | Killed a frost giant
  3856 | D        | Reached skill level 15 in Dodging
  3857 | D        | Noticed a tentacled monstrosity
  3867 | D        | Killed an ice dragon
  3873 | D        | Killed an ettin
  3873 | D        | Reached skill level 16 in Fighting
  3873 | D        | Gained mutation: Your large and strong wings let you fly indefinitely. [Gargoyle growth]
  3873 | D        | Reached XP level 14. HP: 84/100 MP: 14/14
  3884 | D        | Killed a tentacled monstrosity
  3884 | D        | Reached skill level 17 in Fighting
  3904 | D        | Reached skill level 18 in Fighting
  3907 | D        | Noticed a white very ugly thing
  3916 | D        | Noticed a white very ugly thing
  3917 | D        | Noticed a stone giant
  3931 | D        | Killed a white very ugly thing
  3931 | D        | Reached skill level 19 in Fighting
  3945 | D        | Killed a stone giant
  3945 | D        | Reached skill level 20 in Fighting
  4055 | D        | Bought the +2 pair of gloves "Rorioq" {-Cast rN+ MR+} for 388 gold pieces
  4066 | D        | Bought a +0 cloak of magic resistance for 184 gold pieces
  4071 | D        | Noticed an ironheart preserver
  4094 | D        | Killed an ironheart preserver
  4103 | D        | Reached skill level 16 in Armour
  4134 | D        | Reached skill level 16 in Dodging
  4148 | D        | HP: 26/108 [mirror damage (2)]
  4154 | D        | Reached skill level 17 in Armour
  4155 | D        | HP: 6/108 [warg (shapeshifter) (18)]
  4169 | D        | Noticed a vault warden
  4177 | D        | Noticed an ironheart preserver
  4196 | D        | Killed a vault warden
  4202 | D        | Killed an ironheart preserver
  4383 | D        | Noticed a vault warden
  4384 | D        | Noticed a vault warden
  4392 | D        | Killed a vault warden
  4398 | D        | Killed a vault warden
  4398 | D        | Reached skill level 18 in Armour
  4398 | D        | Reached skill level 17 in Dodging
  4453 | D        | Noticed Nergalle
  4463 | D        | Killed Nergalle
  4463 | D        | Reached XP level 15. HP: 112/112 MP: 15/15
  4551 | D        | Got the +3 plate armour of the Nightingale {rN+ SInv}
  4556 | D        | Got the +0 large shield "Niruotas" {rN+}
  5034 | D        | Reached skill level 19 in Armour
  5098 | D        | HP: 26/112 [14-headed hydra (4)]
  5416 | D        | Reached skill level 18 in Dodging
  5435 | D        | Got a decaying rune of Zot
  5446 | D        | Noticed Ilsuiw
  5459 | D        | Reached skill level 20 in Armour
  5470 | D        | Killed Ilsuiw
  5476 | D        | Reached skill level 19 in Dodging
  5546 | D        | Got a barnacled rune of Zot
  5968 | D        | Bought the +5 plate armour of Mogumoh {rElec MR- Dex+6} for 1267 gold pieces
  6228 | D        | Noticed a ghost moth
  6228 | D        | Noticed an emperor scorpion
  6232 | D        | Killed a ghost moth
  6232 | D        | Reached skill level 20 in Dodging
  6241 | D        | Noticed a ghost moth
  6246 | D        | Killed an emperor scorpion
  6246 | D        | Reached skill level 2 in Stealth
  6271 | D        | Reached skill level 3 in Stealth
  6282 | D        | Killed a ghost moth
  6282 | D        | Reached skill level 4 in Stealth
  6290 | D        | Noticed an emperor scorpion
  6303 | D        | Killed an emperor scorpion
  6303 | D        | Reached skill level 19 in Axes
  6303 | D        | Reached skill level 5 in Stealth
  6350 | D        | Got a gossamer rune of Zot
  6392 | D        | Noticed a nagaraja
  6392 | D        | Noticed a nagaraja
  6392 | D        | Noticed a nagaraja
  6393 | D        | Noticed a nagaraja
  6400 | D        | Killed a nagaraja
  6405 | D        | Killed a nagaraja
  6405 | D        | Reached skill level 6 in Stealth
  6411 | D        | Killed a nagaraja
  6412 | D        | Noticed a nagaraja
  6418 | D        | Killed a nagaraja
  6418 | D        | Reached skill level 7 in Stealth
  6418 | D        | Reached XP level 16. HP: 102/120 MP: 16/16
  6435 | D        | Killed a nagaraja
  6435 | D        | Reached skill level 8 in Stealth
  6457 | D        | Reached skill level 21 in Armour
  6464 | D        | Reached skill level 21 in Fighting
  6466 | D        | Got a serpentine rune of Zot
  6540 | D        | Noticed Mara
  6550 | D        | Noticed Louise
  6556 | D        | Noticed Mgcat's illusion
  6609 | D        | Killed Louise
  6609 | D        | Reached skill level 9 in Stealth
  6616 | D        | Noticed Mgcat's illusion
  6623 | D        | HP: 13/121 [Mgcat's illusion[Mara] (38)]
  6644 | D        | HP: 13/121 [Mgcat's illusion[Mara] (20)]
  6657 | D        | HP: 41/181 [Mgcat's illusion[Mara] (20)]
  6659 | D        | HP: 6/181 [Mgcat's illusion[Mara] (35)]
  6664 | D        | Annihilated by Mgcat's illusion

Vault maps used:
D:        linesprint

Skill      XL: |  1  2  3  4  5  6  7  8  9 10 11 12 13 14 15 16 |
---------------+-------------------------------------------------+-----
Fighting       | 4 6 8 13 15 16 20 21 | 21.0
Armour         | 4 6 10 15 18 20 21 | 21.1
Shields        | 4 6 |  6.0
Maces & Flails | 4 5 9 12 14 | 14.1
Dodging        | 5 7 15 17 20 | 20.8
Axes           | 12 18 19 | 19.5
Stealth        | 7 9 |  9.0

Action                   |  1- 3 |  4- 6 |  7- 9 | 10-12 | 13-15 | 16-18 || total
-------------------------+-------+-------+-------+-------+-------+-------++-------
Melee: Flail             |    71 |     2 |       |       |       |       ||    73
       Dire flail        |       |    36 |    70 |   109 |       |       ||   215
       Battleaxe         |       |       |       |   171 |   570 |   138 ||   879
Invok: Call Merchant     |       |       |       |     4 |     4 |       ||     8
       Potion Petition   |       |       |       |       |       |     1 ||     1
 Abil: Fly               |       |       |       |       |     1 |       ||     1
Evoke: Wand              |       |       |       |       |     7 |       ||     7
  Use: Potion            |       |       |     2 |     1 |    10 |     9 ||    22
       Scroll            |       |       |     4 |     3 |     3 |     2 ||    12
 Stab: Distracted        |       |       |     2 |     3 |     9 |       ||    14
       Confused          |       |       |       |     2 |     1 |       ||     3
  Eat: Ration            |       |       |       |     2 |     4 |       ||     6
Armor: Scale mail        |    41 |     9 |    32 |    67 |       |       ||   149
       Plate armour      |       |       |       |    50 |   315 |    37 ||   402
Dodge: Dodged            |    13 |    22 |    24 |    85 |   475 |    80 ||   699
Block: Shield            |    29 |     1 |       |       |       |       ||    30
       Other             |       |       |       |    30 |   109 |    18 ||   157
       Reflection        |       |       |       |       |     6 |       ||     6

Table legend:
 A = Spawn XP
 B = Non-spawn XP
 C = Spawn XP percentage of total XP
 D = Spawn monster count
 E = Non-spawn monster count
 F = Spawn count percentage of total count
 G = Total turns spent on level
                    A         B        C        D         E        F      G
               +---------+---------+-------+---------+---------+-------+---------
         Total |       0 |  136721 |   0.0 |       0 |     237 |   0.0 |  6664
               +---------+---------+-------+---------+---------+-------+---------
             D |       0 |  136721 |   0.0 |       0 |     237 |   0.0 |  6664
               +---------+---------+-------+---------+---------+-------+---------

Vault maps used:
D:        linesprint

Table legend:
 A = Turns spent in this place as a percentage of turns spent in the entire game.
 B = Non-inter-level travel turns spent in this place as a percentage of non-inter-level travel turns spent in the entire game.
 C = Inter-level travel turns spent in this place as a percentage of turns spent in this place.
 D = Turns resting spent in this place as a percentage of non-inter-level travel turns spent in this place.
 E = Turns spent auto-exploring this place as a percentage of non-inter-level travel turns spent in this place.
 F = Non-inter-level travel turns spent in this place divided by the number of levels of this place that you've seen.
                   A       B       C       D       E      F
               +-------+-------+-------+-------+-------+----------------------
         Total | 100.0 | 100.0 |  12.1 |  36.5 |  19.2 | 5858.0
       Dungeon | 100.0 | 100.0 |  12.1 |  36.5 |  19.2 | 5858.0
               +-------+-------+-------+-------+-------+----------------------

Table legend:
 A = Kills in this place as a percentage of kills in entire the game.
 B = Kills by you in this place as a percentage of kills by you in the entire game.
 C = Kills by friends in this place as a percentage of kills by friends in the entire game.
 D = Other kills in this place as a percentage of other kills in the entire game.
 E = Experience gained in this place as a percentage of experience gained in the entire game.
 F = Experience gained in this place divided by the number of levels of this place that you have seen.
                   A       B       C       D       E      F
               +-------+-------+-------+-------+-------+----------------------
         Total | 100.0 | 100.0 |   N/A | 100.0 | 100.0 | 136721.0
       Dungeon | 100.0 | 100.0 |   N/A | 100.0 | 100.0 | 136721.0
               +-------+-------+-------+-------+-------+----------------------
